 Dungeon Crawl Stone Soup version 0.22.0-25-g7663229ff0 (webtiles) character file.

427 Acheron the Skirmisher (level 6, -3/53 HPs)
             Began as a Hill Orc Abyssal Knight on Aug 20, 2018.
             Was a Believer of Lugonu.
             Slain by an ogre
             ... wielding a +0 giant club
              (31 damage)
             ... on level 6 of the Dungeon.
             The game lasted 00:17:51 (4445 turns).

Acheron the Skirmisher (Hill Orc Abyssal Knight)    Turns: 4445, Time: 00:17:51

Health: -3/53      AC:  3    Str: 15    XL:     6   Next: 97%
Magic:  9/9        EV: 12    Int: 12    God:    Lugonu [**....]
Gold:   159        SH:  0    Dex: 12    Spells: 5/5 levels left

rFire    . . .     SeeInvis .   r - +2 war axe (elec)
rCold    . . .     Gourm    .   (no shield)
rNeg     . . .     Faith    .   b - +0 leather armour
rPois    .         Spirit   .   l - -1 helmet (curse)
rElec    .         Reflect  .   (no cloak)
rCorr    .         Harm     +   (no gloves)
MR       .....                  (no boots)
Stlth    ++........             j - amulet of harm
HPRegen  0.17/turn              (no ring)
MPRegen  0.11/turn              (no ring)

@: no status effects
A: no striking features
a: Depart the Abyss, Bend Space, Renounce Religion


You were on level 6 of the Dungeon.
You worshipped Lugonu.
Lugonu was pleased with you.
You were hungry.

You visited 1 branch of the dungeon, and saw 6 of its levels.
You visited the Abyss 1 time.

You collected 159 gold pieces.

Inventory:

Hand Weapons
 i - a +0 battleaxe
   (You found it on level 2 of the Dungeon)
 n - a +1 flail of crushing
   (You took it off an orc on level 4 of the Dungeon)
 r - a +2 war axe of electrocution (weapon)
   (You took it off an orc on level 3 of the Dungeon)
Missiles
 k - 5 tomahawks of returning (quivered)
 o - 4 curare-tipped needles {!f}
Armour
 b - a +0 leather armour (worn)
 g - +0 steam dragon scales
   (You found it on level 4 of the Dungeon)
 l - a cursed -1 helmet (worn)
   (You found it on level 2 of the Dungeon)
Jewellery
 j - an amulet of harm (around neck)
   (You found it on level 3 of the Dungeon)
Wands
 d - a wand of iceblast (7)
   (You took it off Ijyb on level 3 of the Dungeon)
 s - a wand of enslavement (6)
   (You found it on level 3 of the Dungeon)
Scrolls
 c - a scroll of enchant weapon {unknown}
 f - 4 scrolls of remove curse {@r2}
Potions
 a - a potion of flight {unknown}
 h - a potion of lignification {unknown}
 m - a potion of brilliance {unknown}
 q - 2 potions of cancellation {unknown}
Comestibles
 e - 5 rations {!d}


   Skills:
 + Level 4.7 Fighting
 + Level 3.9 Axes
 + Level 3.2 Armour
 * Level 2.5 Dodging
 * Level 2.5 Stealth
 * Level 4.6 Invocations
 * Level 1.3 Evocations


You had 5 spell levels left.
You didn't know any spells.
Your spell library contained the following spells:

 Spells                   Type           Power        Failure   Level  Hunger
 Freeze                   Ice            #...         38%         1    ##.....
 Throw Frost              Conj/Ice       #.....       52%         2    ###....
 Ozocubu's Armour         Chrm/Ice       #.......     77%         3    ####...
 Summon Ice Beast         Ice/Summ       #.......     99%         4    #####..
 Throw Icicle             Conj/Ice       #.......     99%         4    #####..


Dungeon Overview and Level Annotations

Branches:
Dungeon (6/15)
 Temple: D:4-7

Altars:
Elyvilon
Yredelemnul

Annotations:
D:5 Dowan, Duvessa


Message History

Found 11 gold pieces.
An orc comes into view. It is wielding a dagger.
A leopard gecko and an orc priest come into view.
The orc shouts!
The orc priest shouts!
You hear a shout!
An orc comes into view. It is wielding a dagger.
The orc shouts!
You hear a shout! x2
Found a stone staircase leading down.
The leopard gecko hisses angrily.
The leopard gecko closely misses you.
Found a stone staircase leading down.
The leopard gecko closely misses you.
The leopard gecko bites you but does no damage.
There is a stone staircase leading down here.
The leopard gecko barely misses you.
You climb downwards.
A bullfrog and a skeleton come into view.
Found 12 gold pieces.
There is a stone staircase leading up here.
You slash the leopard gecko!
Lightning courses through the leopard gecko!
You kill the leopard gecko!
Lugonu accepts your kill.
The bullfrog croaks.
The bullfrog closely misses you. x2
Found a potion of curing.
You see here 12 gold pieces.
You slash the bullfrog! The bullfrog hits you. The bullfrog closely misses you.
You hit the bullfrog. You hit the centaur skeleton.
The bullfrog closely misses you.
An ogre comes into view. It is wielding a giant club.
The centaur skeleton hits you. The bullfrog hits you.
The ogre shouts!
You slash the bullfrog!
You kill the bullfrog!
Lugonu accepts your kill.
You hit the centaur skeleton.
Lightning courses through the centaur skeleton!
The centaur skeleton hits you but does no damage. x2
The centaur skeleton hits you.
You see here a bullfrog corpse.
You slash the centaur skeleton! The centaur skeleton hits you!
The centaur skeleton hits you.
You slash the centaur skeleton!
Lightning courses through the centaur skeleton!
You destroy the centaur skeleton!
Lugonu accepts your kill.
You slash the ogre! The ogre hits you with a giant club!!
Ouch! That really hurt!
You die...

.....#
.....#
##.....#
#!.....##
##........
........#
###....##.#
#<$@O.....#
#.###.#####
...# #
#####


You could see an ogre.

Vanquished Creatures
  An ogre (D:4)
  A bullfrog (D:6)
  A crimson imp (D:3)
  2 centaur skeletons
  Jessica (D:3)
  Ijyb (D:3)
  A gnoll (D:3)
  3 adders
  A howler monkey skeleton (D:5)
  2 oozes
  2 worms
  3 dart slugs
  6 leopard geckos
  4 orcs
  7 bats
  5 giant cockroaches
  5 goblins
  9 hobgoblins
  7 jackals
  6 kobolds
  2 quokkas
  5 rats
75 creatures vanquished.

Notes
Turn   | Place    | Note
-------+----------+-------------------------------------------
     0 | Abyss:1  | Acheron the Hill Orc Abyssal Knight began the quest for the Orb.
     0 | Abyss:1  | Reached XP level 1. HP: 19/19 MP: 2/2
    45 | D:1      | Escaped the Abyss
   416 | D:1      | Reached XP level 2. HP: 13/27 MP: 3/3
   589 | D:1      | Reached skill level 1 in Dodging
   613 | D:1      | Reached * piety under Lugonu
   733 | D:1      | Reached XP level 3. HP: 23/33 MP: 3/5
   744 | D:1      | Reached skill level 1 in Stealth
   932 | D:3      | Noticed Ijyb
   960 | D:3      | Killed Ijyb
   960 | D:3      | Reached XP level 4. HP: 25/40 MP: 6/6
  2550 | D:4      | Reached XP level 5. HP: 13/47 MP: 7/7
  2775 | D:4      | Noticed an ogre
  2779 | D:5      | Entered Level 5 of the Dungeon
  2779 | D:5      | Noticed Duvessa
  2779 | D:5      | Noticed Dowan
  2804 | D:4      | Noticed an ogre
  2920 | D:4      | Reached ** piety under Lugonu
  3477 | D:3      | Found a white marble altar of Elyvilon.
  3482 | D:3      | Noticed Jessica
  3495 | D:3      | Killed Jessica
  3495 | D:3      | Reached XP level 6. HP: 33/53 MP: 9/9
  4396 | D:5      | Reached skill level 1 in Evocations
  4418 | D:5      | Found a basalt altar of Yredelemnul.
  4445 | D:6      | Slain by an ogre

Skill      XL: |  1  2  3  4  5  6 |
---------------+-------------------+-----
Dodging        | 1 2 |  2.5
Fighting       | 4 |  4.7
Stealth        | 1 2 |  2.5
Axes           | 3 |  3.9
Invocations    | 3 4 |  4.6
Armour         | 3 |  3.2
Evocations     | 1 |  1.3

Action                   |  1- 3 |  4- 6 || total
-------------------------+-------+-------++-------
Melee: Hand axe          |    80 |    89 ||   169
       Battleaxe         |       |    13 ||    13
       War axe           |       |    57 ||    57
Invok: Depart the Abyss  |     1 |       ||     1
  Use: Scroll            |     1 |     5 ||     6
       Potion            |       |     6 ||     6
 Stab: Sleeping          |     1 |     3 ||     4
  Eat: Chunk             |       |     7 ||     7
       Ration            |       |     1 ||     1
Armor: Leather armour    |    22 |    39 ||    61
Dodge: Dodged            |    62 |   120 ||   182
